 Dungeon Crawl Stone Soup version 0.28.0-53-g5a82cb258f (webtiles) character file.

Game seed: 12003650060987239939

154 Descartes the Covert (level 5, -5/24 HPs)
             Began as a Felid Delver on July 4, 2022.
             Killed from afar by Natasha (10 damage)
             ... with a magic dart
             ... on level 4 of the Dungeon.
             The game lasted 00:05:35 (3840 turns).

Descartes the Covert (Felid Delver)                 Turns: 3840, Time: 00:05:35

Health: -5/24      AC:  1    Str: 10    XL:     5   Next: 13%
Magic:  6/6        EV: 19    Int: 12    God:
Gold:   105        SH:  0    Dex: 17    Spells: 4/4 levels left
                                        Lives:  0   Deaths: 1

rFire   . . .      SeeInvis +     - Unarmed
rCold   . . .      Faith    .   (shield unavailable)
rNeg    . . .      Spirit   .   (armour unavailable)
rPois   .          Reflect  .   (helmet unavailable)
rElec   .          Harm     .   (cloak unavailable)
rCorr   .          Rampage  .   (gloves unavailable)
Will    .....                   (boots unavailable)
Stlth   ++++......              (no amulet)
HPRegen 0.08/turn               (no ring)
MPRegen 0.10/turn               (no ring)

@: quick
A: very small, claws 1, fangs 3, see invisible, speed 1, shaggy fur 1, stealthy
paws, no weapons or thrown items, no armour, multi-lived
a: no special abilities


You were on level 4 of the Dungeon.
You visited 1 branch of the dungeon, and saw 5 of its levels.

You collected 105 gold pieces.

Inventory:

Missiles
 i - 49 stones
Wands
 e - a wand of digging (9)
Scrolls
 a - a scroll of fog
 b - a scroll of magic mapping
 c - a scroll of fear
 k - a scroll of enchant weapon {unknown}
 l - a scroll of silence {unknown}
Potions
 d - a potion of haste
 f - a potion of lignification {unknown}
 g - a potion of cancellation
 h - 2 potions of heal wounds
 j - a potion of brilliance


   Skills:
 - Level 3.0 Fighting
 + Level 4.5 Dodging
 * Level 8.8 Stealth
 + Level 3.3 Unarmed Combat


You had 4 spell levels left.
You didn't know any spells.
Your spell library contained the following spells:

 Spells                   Type           Power      Damage    Failure   Level
 Corpse Rot               Necr/Air       0%         N/A       45%         2
 Ensorcelled Hibernation  Hex/Ice        0%         N/A       45%         2
 Passwall                 Tmut/Erth      0%         N/A       45%         2
 Inner Flame              Hex/Fire       0%         N/A       69%         3
 Swiftness                Air            0%         N/A       69%         3
 Cause Fear               Hex            0%         N/A       97%         4
 Dispel Undead            Necr           0%         3d6       97%         4
 Death Channel            Necr           0%         N/A       100%        6
 Discord                  Hex            0%         N/A       100%        8


Dungeon Overview and Level Annotations

Branches:
Dungeon (5/15)
 Temple: D:4-7

Altars:

Annotations:
D:4 Natasha


Innate Abilities, Weirdness & Mutations

You have sharp claws.
You have razor-sharp teeth.
You have supernaturally acute eyesight. (SInv)
You cover ground quickly. (Speed+)
You are covered in fur. (AC +1)
Your paws help you pounce on unaware monsters.
You are incapable of wielding weapons or throwing items.
You cannot wear armour.
You gain extra lives every three experience levels.


Message History

Natasha hisses angrily.
The endoplasm quivers.
You scratch Natasha but do no damage. Natasha claws you.
You barely miss Natasha. Natasha completely misses you.
You closely miss Natasha.
The kobold shouts!
Your claw misses Natasha.
Natasha stares at you and mumbles some strange words.
The magic dart hits you!
You scratch Natasha.
Natasha is moderately wounded.
Natasha claws you.
You scratch Natasha but do no damage. Your bite misses Natasha.
Natasha is moderately wounded.
The endoplasm barely misses you. The kobold closely misses you.
You scratch Natasha.
Natasha is heavily wounded.
Natasha claws you. The endoplasm hits you. The kobold misses you.
You are too injured to fight recklessly!
You are too injured to fight recklessly!
Natasha mumbles some strange words.
You scratch the endoplasm.
The endoplasm is moderately wounded.
Natasha mewls in sadness.
The endoplasm freezes you.
You are frozen.
* * * LOW HITPOINT WARNING * * *
You claw the endoplasm!
You kill the endoplasm!
Natasha growls.
Natasha casts a spell.
The white imp picks up a beetle and eats it.
The crimson imp blinks!
Natasha casts a spell.
The crimson imp blinks!
Natasha howls an incantation.
You feel disoriented. Natasha casts a spell at you. The magic dart hits you!
You die...

## .# .###########
.##........# #########
5##.###.##.#####.......######
.Kh5...#§h......@####.......#
5##.###.##..5##### #..####.#
.##.# ###.....# #..# .#
h##.######...## #..####.#
..#.........## #.....#.#
#.#########.# #.###.#.# ..#
#.# #.# #.#.# ..# #'#
#.###.#.# ..# .. #.......#


You could see Natasha and a crimson imp (summoned).

Vanquished Creatures
  A scorpion (D:4)
  Ijyb (D:4)
  Natasha (D:4)
  3 adders (D:3)
  A dart slug (D:2)
  5 orcs
  8 endoplasms
  A giant cockroach (D:2)
  9 goblins
  7 hobgoblins
  14 jackals
  4 quokkas
  7 ball pythons
  3 bats (D:3)
  2 frilled lizards
  3 kobolds
  4 rats
74 creatures vanquished.

Notes
Turn   | Place    | Note
-------+----------+-------------------------------------------
     0 | D:5      | Descartes the Felid Delver began the quest for the Orb.
     0 | D:5      | Reached XP level 1. HP: 10/10 MP: 2/2
   362 | D:4      | Noticed a scorpion
   367 | D:4      | Killed a scorpion
   368 | D:4      | Reached skill level 7 in Stealth
   368 | D:4      | Reached XP level 2. HP: 14/14 MP: 3/3
   368 | D:4      | Reached XP level 3. HP: 17/17 MP: 4/4
   549 | D:1      | Reached XP level 4. HP: 17/21 MP: 5/5
  1166 | D:1      | Found a faded altar of an unknown god.
  1280 | D:1      | You fall into a shaft and drop 1 floor!
  1316 | D:2      | Reached skill level 8 in Stealth
  2666 | D:3      | HP: 1/21 [adder (3)]
  2666 | D:3      | Slain by an adder
  2667 | D:3      | Reached XP level 3. HP: -4/17 MP: 4/4
  2800 | D:3      | Reached XP level 4. HP: 21/21 MP: 5/5
  3185 | D:4      | Noticed Natasha
  3194 | D:4      | Killed Natasha
  3358 | D:4      | Noticed Ijyb
  3374 | D:4      | Killed Ijyb
  3375 | D:4      | Reached XP level 5. HP: 13/24 MP: 6/6
  3800 | D:4      | Noticed Natasha
  3840 | D:4      | Killed from afar by Natasha

Illustrated notes

Levels and vault maps discovered:
D:1:      saegor_arrival_under_anarchy, layout_basic,
          hellmonk_ecumenical_altar_run_dry, serial_rivers,
          chequers_serial_rivers_micro_a, chequers_serial_rivers_large_a,
          chequers_serial_rivers_marsh, chequers_serial_rivers_small_a,
          chequers_serial_rivers_small_b, chequers_serial_rivers_micro_c
D:2:      layout_rooms, nicolae_elevator_lobby_asterisk
D:3:      layout_basic, minmay_misc_feat_square
D:4:      layout_loops_corners, uniq_ijyb, uniq_natasha
D:5:      layout_basic, minmay_temple_entry_ruins, grunt_ministairs_5,
          uniq_blork_the_orc

Skill      XL: |  1  2  3  4 |
---------------+-------------+-----
Dodging        | 3 4 |  4.5
Stealth        | 7 8 |  8.8
Unarmed Combat | 3 |  3.3
Fighting       | |  3.0

Action                   |  1- 3 |  4- 6 || total
-------------------------+-------+-------++-------
Melee: Unarmed           |    25 |   151 ||   176
       Bite              |     1 |    13 ||    14
       Punch             |       |     6 ||     6
  Use: Scroll            |       |     3 ||     3
 Stab: Sleeping          |     3 |    15 ||    18
       Distracted        |       |     3 ||     3
Armor: Skin              |     2 |     8 ||    10
Dodge: Dodged            |    17 |   141 ||   158
